 Dungeon Crawl Stone Soup version 0.26.1-11-gd32895ea62 (webtiles) character file.

Game seed: 4517062398168884500

287 CaptDreibein the Chopper (level 6, -1/47 HPs)
             Began as a Demonspawn Gladiator on June 7, 2021.
             Splashed by a jelly's acid (5 damage)
             ... on level 5 of the Dungeon.
             The game lasted 00:06:38 (2275 turns).

CaptDreibein the Chopper (Demonspawn Gladiator)     Turns: 2275, Time: 00:06:38

Health: -1/47      AC:  7    Str: 17    XL:     6   Next: 8%
Magic:  0/6        EV: 13    Int:  9    God:
Gold:   134        SH:  0    Dex: 14    Spells: 5/5 levels left

rFire    . . .     SeeInvis .   a - +0 war axe
rCold    . . .     Faith    .   (no shield)
rNeg     . . .     Spirit   +   b - +0 leather armour
rPois    .         Reflect  .   c - +0 helmet
rElec    .         Harm     .   (no cloak)
rCorr    .         Rampage  .   (no gloves)
Will     .....                  f - +2 pair of boots
Stlth    +.........             (no amulet)
HPRegen  0.15/turn              l - +4 ring of protection
MPRegen  0.10/turn              (no ring)

@: corroded
A: claws 2, demonic guardian 1, magic shield
a: no special abilities


You were on level 5 of the Dungeon.
You visited 1 branch of the dungeon, and saw 5 of its levels.

You collected 134 gold pieces.

Inventory:

Hand Weapons
 a - a +0 war axe (weapon)
Missiles
 d - 3 throwing nets (quivered)
Armour
 b - a +0 leather armour (worn)
 c - a +0 helmet (worn)
 f - a +2 pair of boots (worn)
Jewellery
 l - a +4 ring of protection (left claw)
Scrolls
 e - 2 scrolls of identify {unknown}
 j - a scroll of enchant armour {unknown}
 k - a scroll of amnesia {unknown}
 n - 2 scrolls of teleportation {unknown}
Potions
 g - 2 potions of curing {unknown}
 h - a potion of heal wounds {unknown}
 i - 2 potions of might {unknown}
 m - a potion of ambrosia {unknown}


   Skills:
 + Level 3.2 Fighting
 + Level 4.6 Axes
 + Level 1.9 Throwing
 + Level 2.0 Armour
 + Level 3.5 Dodging


You had 5 spell levels left.
You didn't know any spells.
Your spell library was empty.

Dungeon Overview and Level Annotations

Branches:
Dungeon (6/15)
 Temple: D:4-7

Altars:

Shops:
D:6 (

Annotations:
D:3 Jessica


Innate Abilities, Weirdness & Mutations

You have very sharp fingernails.
A weak demonic guardian rushes to your aid.
When hurt, damage is shared between your health and your magic reserves.


Message History

Increase (S)trength, (I)ntelligence, or (D)exterity?
You feel stronger.
You swap places.
Your ufetubus hits the leopard gecko skeleton. x2
The leopard gecko skeleton is destroyed!
The jelly completely misses you.
There is an escape hatch in the ceiling, spattered with blood here.
You see here a bullfrog corpse.
Your ufetubus hits the jelly.
Your ufetubus is burned by acid!
Your ufetubus hits the jelly.
Your ufetubus is burned by acid!
The jelly hits your ufetubus.
Your ufetubus dies!
The jelly quivers.
A mysterious force pulls you upwards. The hatch slams shut behind you.
The jelly hits you.
* * * LOW HITPOINT WARNING * * *
The acid corrodes you!
You are splashed with acid!
You die...

.##
....#
#...####
#...@.#
#..###J#
... #..#
. .....
###.##
.# .# .


You could see a jelly.

Vanquished Creatures
  An ogre (D:6)
  A bullfrog (D:6)
  3 adders
  3 gnolls (D:3)
  A worm (D:2)
  2 dart slugs (D:1)
  2 leopard geckos
  3 orcs (D:3)
  2 ball pythons
  9 giant cockroaches
  9 goblins
  6 hobgoblins
  3 jackals (D:2)
  4 bats (D:1)
  3 frilled lizards
  5 kobolds
  7 rats
64 creatures vanquished.

Vanquished Creatures (collateral kills)
  A quasit (D:6)
  2 gnolls
  A kobold (D:1)
  A leopard gecko skeleton (D:6)
5 creatures vanquished.

Grand Total: 69 creatures vanquished

Notes
Turn   | Place    | Note
-------+----------+-------------------------------------------
     0 | D:1      | CaptDreibein the Demonspawn Gladiator began the quest for
                  | the Orb.
     0 | D:1      | Reached XP level 1. HP: 16/16 MP: 1/1
    96 | D:1      | Gained mutation: A weak demonic guardian rushes to your
                  | aid. [demonic ancestry]
    96 | D:1      | Reached XP level 2. HP: 22/22 MP: 2/2
   231 | D:1      | Reached skill level 3 in Axes
   249 | D:1      | Gained mutation: You have sharp fingernails. [demonic
                  | ancestry]
   249 | D:1      | Reached XP level 3. HP: 2/28 MP: 3/3
  1358 | D:2      | Gained mutation: You have very sharp fingernails. [demonic
                  | ancestry]
  1358 | D:2      | Reached XP level 4. HP: 33/34 MP: 4/4
  2018 | D:3      | Reached skill level 1 in Armour
  2024 | D:3      | Reached skill level 4 in Axes
  2152 | D:3      | Gained mutation: When hurt, damage is shared between your
                  | health and your magic reserves. [demonic ancestry]
  2152 | D:3      | Reached XP level 5. HP: 34/40 MP: 5/5
  2175 | D:3      | Noticed Jessica
  2182 | D:3      | You fall into a shaft and drop 3 floors!
  2182 | D:6      | Found Zoaqeles's Antique Weapon Emporium.
  2227 | D:6      | Noticed an ogre
  2244 | D:6      | Killed an ogre
  2247 | D:6      | HP: 1/41 [gnoll/+0 spear (2)]
  2272 | D:6      | Reached XP level 6. HP: 5/47 MP: 3/6
  2274 | D:5      | Entered Level 5 of the Dungeon
  2275 | D:5      | Splashed by a jelly's acid

Illustrated notes

Levels and vault maps discovered:
D:1:      lightli_arrival_quake, layout_rooms
D:2:      layout_loops_cross, minmay_pentomino_p4
D:3:      layout_rooms, ebering_ghost_rock_garden,
          minmay_fractal_squares_diagonal_5, uniq_jessica
D:5:      layout_rooms, led_sif_pool, evilmike_ruin_ashenzari, uniq_menkaure,
          uniq_crazy_yiuf_cottage
D:6:      layout_basic, serial_shops, shop, shop_fountains

Skill      XL: |  1  2  3  4  5 |
---------------+----------------+-----
Dodging        | 3 |  3.5
Axes           | 3 4 |  4.6
Armour         | 1 2 |  2.0
Fighting       | 3 |  3.2
Throwing       | |  1.9

Action                   |  1- 3 |  4- 6 || total
-------------------------+-------+-------++-------
Melee: War axe           |   108 |    84 ||   192
       Unarmed           |     3 |       ||     3
Armor: Leather armour    |    48 |    39 ||    87
Dodge: Dodged            |    94 |    84 ||   178
